 Dungeon Crawl Stone Soup version 0.21.0-3-g78d12a8 (webtiles) character file.

23 Vosmos the Grave Robber (level 2, 0/15 HPs)
             Began as a Deep Elf Necromancer on Jan 14, 2018.
             Hit by a stone thrown by a kobold (3 damage)
             ... on level 3 of the Dungeon.
             The game lasted 00:15:09 (1264 turns).

Vosmos the Grave Robber (Deep Elf Necromancer)      Turns: 1264, Time: 00:15:10

Health: 0/15       AC:  2    Str:  5    XL:     2   Next: 75%
Magic:  5/8        EV: 13    Int: 19    God:
Gold:   17         SH:  0    Dex: 15    Spells: 5/7 levels left

rFire    . . .     SeeInvis .   g - +0 dagger
rCold    . . .     Gourm    .   (no shield)
rNeg     . . .     Faith    .   a - +0 robe
rPois    .         Spirit   .   (no helmet)
rElec    .         Reflect  .   (no cloak)
rCorr    .         Harm     .   (no gloves)
MR       .....                  (no boots)
Stlth    +.........             (no amulet)
HPRegen  0.05/turn              (no ring)
MPRegen  0.11/turn              (no ring)

@: very slow
A: no striking features
a: no special abilities


You were on level 3 of the Dungeon.
You were not hungry.

You visited 1 branch of the dungeon, and saw 3 of its levels.

You collected 17 gold pieces.

Inventory:

Hand Weapons
 g - a +0 dagger (weapon)
 l - a +0 hunting sling
Missiles
 e - 3 tomahawks (quivered)
 i - 24 stones
 j - 15 sling bullets
 m - 5 curare-tipped needles
 n - 6 needles of frenzy
Armour
 a - a +0 robe (worn)
Scrolls
 f - a scroll of magic mapping {unknown}
 h - 2 scrolls of teleportation {unknown}
 o - a scroll of remove curse {unknown}
Potions
 d - a potion of agility {unknown}
 k - a potion of heal wounds {unknown}
Books
 b - a book of Necromancy

   Spells                             Type                      Level
   a - Pain                           Necromancy                   1
   b - Animate Skeleton               Necromancy                   1
   c - Vampiric Draining              Necromancy                   3
   d - Regeneration                   Charms/Necromancy            3
   e - Animate Dead                   Necromancy                   4
   f - Borgnjor's Vile Clutch         Necromancy/Earth             5
Comestibles
 c - 2 rations


   Skills:
 + Level 0.2 Short Blades
 + Level 0.4 Throwing
 + Level 2.5 Dodging
 + Level 2.8 Stealth
 + Level 3.4 Spellcasting
 + Level 5.2 Necromancy


You had 5 spell levels left.
You knew the following spells:

 Your Spells              Type           Power        Failure   Level  Hunger
a - Pain                  Necr           ###.         1%          1    None
b - Animate Skeleton      Necr           N/A          1%          1    None


Dungeon Overview and Level Annotations

Branches:
Dungeon (3/15)

Altars:

Portals:
Sewer: D:3

Annotations:
D:1 1 runed door
D:2 Natasha


Message History

The rat closely misses you.
You see here a chunk of flesh.
Casting: Animate Skeleton
Confirm with . or Enter, or press ? or * to list all spells.
Aiming: Pain
Press: ? - help, Shift-Dir - straight line, f - kobold
Aim: a kobold, wielding a short sword and wearing a leather armour (chance to defeat MR: 92%)
The kobold writhes in agony!
You kill the kobold!
The ball python barely misses you. The ball python constricts you.
The rat closely misses you.
Casting: Pain
Confirm with . or Enter, or press ? or * to list all spells.
Aiming: Pain
Press: ? - help, Shift-Dir - straight line, f - ball python
Aim: a ball python (constricting you, chance to defeat MR: 92%)
The ball python writhes in agony!
You kill the ball python!
The rat misses you.
The kobold throws a stone.
The stone hits you.
You die...

# ###..#.## #
##.......## #
##..#..≈#..## #
##...≈≈≈≈≈...# #
...#≈≈≈K≈≈≈#.# #
#..≈≈≈≈≈≈≈≈..## #
#...≈≈Z∩≈≈≈...#
#..≈≈≈@r≈≈...#
#.#≈≈≈≈≈≈≈#..#
#...≈≈≈≈≈....#
##..#.(.#..#.##########
##.......##...........
#.##.###########.####
#. ..# #.# # #### #.#
#.#


You could see a kobold, a rat and a friendly rat skeleton.

Vanquished Creatures
  2 worms (D:2)
  A leopard gecko (D:2)
  A giant cockroach (D:2)
  3 goblins (D:2)
  2 hobgoblins
  A jackal (D:3)
  A ball python (D:3)
  2 frilled lizards (D:2)
  A kobold (D:3)
  2 rats
16 creatures vanquished.

Vanquished Creatures (collateral kills)
  A giant cockroach (D:2)
1 creature vanquished.

Grand Total: 17 creatures vanquished

Notes
Turn   | Place    | Note
-------+----------+-------------------------------------------
     0 | D:1      | Vosmos the Deep Elf Necromancer began the quest for the Orb.
     0 | D:1      | Reached XP level 1. HP: 10/10 MP: 6/6
     1 | D:1      | Found a runed door.
     4 | D:1      | Noticed a jelly
   508 | D:2      | Reached skill level 5 in Necromancy
   511 | D:2      | Learned a level 1 spell: Animate Skeleton
   529 | D:2      | Reached XP level 2. HP: 10/15 MP: 2/8
  1120 | D:2      | Noticed Natasha
  1249 | D:3      | Found a glowing drain.
  1264 | D:3      | Hit by a stone thrown by a kobold

Skill      XL: |  1 |
---------------+----+-----
Necromancy     | 5 |  5.2
Short Blades   | |  0.2
Throwing       | |  0.4
Dodging        | |  2.5
Stealth        | |  2.8
Spellcasting   | |  3.4

Action                   || total
-------------------------++-------
Melee: Dagger            ||    21
       Unarmed           ||     7
Throw: Tomahawk          ||     9
 Cast: Pain              ||    20
       Animate Skeleton  ||     6
  Eat: Chunk             ||     1
Armor: Robe              ||     8
Dodge: Dodged            ||    33
